[ AOE2 MATCH · #504744530 ]
UnrankedTurks vs Persians
Player's team · WIN
Rival team · LOSS
[ REPLAY ANALYSIS · EXTRACTED FROM THE RECORDED GAME ]
Feudal
13:18
Castle
—
Imperial
—
| APM avg | 43.4 |
| APM peak | 77 |
| eAPM avg | 23.4 |
| Villagers / military | 47 / 9 |
Focus
⚔️ 28.4% · 🌾 71.6%
Archer ×9
Feudal
—
Castle
—
Imperial
—
| APM avg | 57.9 |
| APM peak | 97 |
| eAPM avg | 32.5 |
| Villagers / military | 50 / 0 |
Focus
⚔️ 44.7% · 🌾 55.3%
Match map
Initial resources + every placement click. Lines = walls · curves = elevation contours. ◆ gold · ⬟ stone · ● berries · ✦ relic · ◌ wall gap
Your base· Open — opponent sealed themselves in
2099's base· ✓ Closed at 12:00 · 72t walls · 1 gate(s)
Smoothed initial terrain · ◌ = detected wall gap · hover for details
Inputs per minute
— Don Vito - - 2099
Build order — Don Vito
127 actions detected in the replay
| 0:00 | Create | Villager (Male) |
| 0:00 | Create | Villager (Male) |
| 0:01 | Create | Villager (Male) |
| 0:01 | Create | Villager (Male) |
| 0:01 | Create | Villager (Male) |
| 0:03 | Build | House |
| 0:10 | Build | House |
| 1:14 | Create | Villager (Male) |
| 1:14 | Create | Villager (Male) |
| 2:12 | Create | Villager (Male) |
| 2:12 | Create | Villager (Male) |
| 2:18 | Build | Lumber Camp |
| 2:40 | Create | Villager (Male) |
| 3:16 | Build | House |
| 3:18 | Create | Villager (Male) |
| 3:42 | Create | Villager (Male) |
| 4:13 | Create | Villager (Male) |
| 4:15 | Create | Villager (Male) |
| 4:37 | Build | Mill |
| 4:59 | Create | Villager (Male) |
| 5:03 | Create | Villager (Male) |
| 5:32 | Create | Villager (Male) |
| 6:06 | Create | Villager (Male) |
| 6:41 | Research | Loom |
| 6:55 | Create | Villager (Male) |
| 7:10 | Create | Villager (Male) |
| 7:18 | Create | Villager (Male) |
| 7:25 | Create | Villager (Male) |
| 7:41 | Build | House |
| 7:50 | Create | Villager (Male) |
| 8:12 | Build | Palisade Wall |
| 8:13 | Build | Palisade Wall |
| 8:18 | Build | Palisade Wall |
| 8:39 | Build | Palisade Wall |
| 8:41 | Build | Palisade Wall |
| 8:45 | Build | Palisade Wall |
| 8:45 | Build | Palisade Wall |
| 8:48 | Build | Palisade Wall |
| 9:13 | Build | Palisade Wall |
| 9:39 | Create | Villager (Male) |
| 9:48 | Build | Palisade Wall |
| 9:50 | Build | Palisade Wall |
| 9:52 | Build | Palisade Wall |
| 9:55 | Build | Palisade Wall |
| 9:57 | Build | Palisade Wall |
| 9:58 | Build | Palisade Wall |
| 10:01 | Build | Palisade Wall |
| 10:08 | Create | Villager (Male) |
| 10:13 | Build | House |
| 10:28 | Build | Palisade Wall |
| 10:29 | Build | Palisade Wall |
| 10:30 | Build | Palisade Wall |
| 10:34 | Build | Palisade Wall |
| 10:48 | Create | Villager (Male) |
| 10:59 | Research | Feudal Age |
| 12:25 | Build | House |
| 12:31 | Build | Palisade Wall |
| 12:32 | Build | Palisade Wall |
| 13:18 | Age | Feudal Age |
| 13:21 | Research | Town Watch |
| 13:37 | Build | Market |
| 13:40 | Create | Villager (Male) |
| 13:51 | Create | Villager (Male) |
| 14:08 | Build | House |
| 14:10 | Build | Palisade Wall |
| 14:24 | Create | Villager (Male) |
| 14:42 | Build | Watch Tower |
| 15:05 | Build | Watch Tower |
| 15:11 | Build | Palisade Wall |
| 15:15 | Build | Palisade Wall |
| 15:17 | Build | Palisade Wall |
| 15:28 | Build | Town Center |
| 16:52 | Create | Villager (Male) |
| 16:52 | Create | Villager (Male) |
| 16:57 | Build | Barracks |
| 17:10 | Build | Barracks |
| 17:22 | Build | Mill |
| 17:23 | Create | Villager (Male) |
| 17:31 | Build | Palisade Wall |
| 17:32 | Build | Palisade Wall |
| 17:33 | Build | Palisade Wall |
| 17:34 | Build | Palisade Wall |
| 17:49 | Build | Archery Range |
| 17:52 | Build | House |
| 17:56 | Build | House |
| 17:59 | Build | House |
| 18:07 | Create | Villager (Male) |
| 18:44 | Build | Palisade Wall |
| 18:58 | Build | Lumber Camp |
| 19:09 | Create | Villager (Male) |
| 19:45 | Build | House |
| 19:45 | Build | House |
| 19:52 | Create | Villager (Male) |
| 20:30 | Build | Stone Wall |
| 20:33 | Build | Stone Wall |
| 20:42 | Create | Archer |
| 20:47 | Build | Farm |
| 20:49 | Build | Farm |
| 20:50 | Create | Archer |
| 20:55 | Build | Farm |
| 21:01 | Create | Villager (Male) |
| 21:01 | Create | Villager (Male) |
| 21:08 | Build | House |
| 21:10 | Build | Palisade Wall |
| 21:15 | Create | Archer |
| 21:45 | Build | Palisade Wall |
| 21:47 | Build | Palisade Wall |
| 21:58 | Create | Villager (Male) |
| 22:01 | Build | Palisade Wall |
| 22:18 | Build | Palisade Wall |
| 22:23 | Create | Villager (Male) |
| 22:38 | Build | Palisade Wall |
| 22:44 | Build | Palisade Wall |
| 22:53 | Create | Villager (Male) |
| 22:53 | Create | Villager (Male) |
| 22:54 | Create | Archer |
| 22:58 | Create | Villager (Male) |
| 23:13 | Create | Villager (Male) |
| 23:44 | Create | Villager (Male) |
| 23:49 | Create | Archer |
| 23:57 | Create | Villager (Male) |
| 24:14 | Create | Villager (Male) |
| 24:28 | Create | Villager (Male) |
| 24:29 | Create | Archer |
| 24:30 | Create | Archer |
| 24:30 | Create | Archer |
| 24:30 | Create | Archer |
Build order — 2099
109 actions detected in the replay
| 0:01 | Create | Villager (Male) |
| 0:01 | Create | Villager (Male) |
| 0:02 | Build | House |
| 0:04 | Build | House |
| 0:10 | Create | Villager (Male) |
| 0:10 | Create | Villager (Male) |
| 0:10 | Create | Villager (Male) |
| 1:22 | Build | Lumber Camp |
| 1:27 | Create | Villager (Male) |
| 2:06 | Create | Villager (Male) |
| 2:43 | Create | Villager (Male) |
| 2:45 | Create | Villager (Male) |
| 3:16 | Build | House |
| 3:34 | Create | Villager (Male) |
| 3:45 | Create | Villager (Male) |
| 4:05 | Create | Villager (Male) |
| 4:39 | Create | Villager (Male) |
| 5:05 | Create | Villager (Male) |
| 5:19 | Build | House |
| 5:29 | Create | Villager (Male) |
| 5:47 | Create | Villager (Male) |
| 5:52 | Build | House |
| 6:18 | Build | Town Center |
| 6:29 | Build | Palisade Wall |
| 6:31 | Build | Palisade Wall |
| 6:41 | Build | Palisade Gate |
| 6:52 | Build | Mill |
| 6:54 | Build | Palisade Wall |
| 6:56 | Build | Palisade Wall |
| 7:04 | Research | Loom |
| 7:07 | Create | Villager (Male) |
| 7:34 | Build | Palisade Wall |
| 7:40 | Build | Palisade Wall |
| 7:41 | Create | Villager (Male) |
| 7:46 | Build | Palisade Wall |
| 8:15 | Create | Villager (Male) |
| 8:15 | Create | Villager (Male) |
| 9:08 | Create | Villager (Male) |
| 9:09 | Create | Villager (Male) |
| 9:26 | Build | Palisade Wall |
| 9:28 | Build | Palisade Wall |
| 9:29 | Build | Palisade Wall |
| 9:31 | Build | Palisade Wall |
| 9:33 | Build | Palisade Wall |
| 9:36 | Build | Palisade Wall |
| 9:38 | Build | Palisade Wall |
| 9:41 | Create | Villager (Male) |
| 9:55 | Build | Palisade Wall |
| 9:55 | Build | Palisade Wall |
| 10:04 | Create | Villager (Male) |
| 10:32 | Create | Villager (Male) |
| 10:32 | Create | Villager (Male) |
| 11:07 | Create | Villager (Male) |
| 11:08 | Create | Villager (Male) |
| 11:11 | Build | Palisade Wall |
| 11:12 | Build | Palisade Wall |
| 11:13 | Build | Palisade Wall |
| 11:14 | Build | Palisade Wall |
| 11:15 | Build | Palisade Wall |
| 11:18 | Build | Palisade Wall |
| 11:34 | Build | Palisade Wall |
| 11:36 | Build | Palisade Wall |
| 11:40 | Build | Palisade Wall |
| 11:48 | Create | Villager (Male) |
| 11:48 | Create | Villager (Male) |
| 12:02 | Create | Villager (Male) |
| 12:02 | Create | Villager (Male) |
| 12:34 | Create | Villager (Male) |
| 12:35 | Create | Villager (Male) |
| 12:57 | Create | Villager (Male) |
| 13:02 | Create | Villager (Male) |
| 13:06 | Build | House |
| 13:11 | Build | Palisade Wall |
| 13:37 | Create | Villager (Male) |
| 14:38 | Build | Town Center |
| 14:44 | Build | Palisade Wall |
| 14:53 | Build | Palisade Gate |
| 14:57 | Build | House |
| 15:40 | Build | House |
| 15:42 | Build | Palisade Wall |
| 15:44 | Build | Palisade Wall |
| 15:46 | Build | Palisade Wall |
| 15:47 | Create | Villager (Male) |
| 16:08 | Create | Villager (Male) |
| 16:09 | Create | Villager (Male) |
| 16:09 | Create | Villager (Male) |
| 16:09 | Create | Villager (Male) |
| 16:20 | Create | Villager (Male) |
| 16:33 | Build | Palisade Wall |
| 16:58 | Build | House |
| 17:03 | Build | Palisade Wall |
| 17:13 | Create | Villager (Male) |
| 17:13 | Create | Villager (Male) |
| 17:14 | Create | Villager (Male) |
| 17:14 | Create | Villager (Male) |
| 17:14 | Create | Villager (Male) |
| 17:27 | Create | Villager (Male) |
| 17:31 | Build | Mining Camp |
| 19:25 | Build | House |
| 19:54 | Build | Palisade Wall |
| 23:06 | Build | Town Center |
| 23:23 | Build | Farm |
| 23:25 | Build | Farm |
| 23:26 | Build | Farm |
| 23:42 | Build | Palisade Gate |
| 23:44 | Build | Palisade Gate |
| 23:49 | Build | Palisade Gate |
| 24:25 | Create | Villager (Male) |
| 24:35 | Build | Farm |
Match timeline
| 6:29 | 2099 · wall_segment Palisade Wall x1 |
| 6:31 | 2099 · wall_segment Palisade Wall x1 |
| 6:54 | 2099 · wall_segment Palisade Wall x2 |
| 6:56 | 2099 · wall_segment Palisade Wall x8 |
| 7:34 | 2099 · wall_segment Palisade Wall x2 |
| 7:40 | 2099 · wall_segment Palisade Wall x11 |
| 7:46 | 2099 · wall_segment Palisade Wall x5 |
| 8:12 | Don Vito · wall_segment Palisade Wall x1 |
| 8:13 | Don Vito · wall_segment Palisade Wall x1 |
| 8:18 | Don Vito · wall_segment Palisade Wall x2 |
| 8:39 | Don Vito · wall_segment Palisade Wall x1 |
| 8:41 | Don Vito · wall_segment Palisade Wall x1 |
| 8:45 | Don Vito · wall_segment Palisade Wall x1 |
| 8:45 | Don Vito · wall_segment Palisade Wall x1 |
| 8:48 | Don Vito · wall_segment Palisade Wall x1 |
| 9:13 | Don Vito · wall_segment Palisade Wall x1 |
| 9:26 | 2099 · wall_segment Palisade Wall x1 |
| 9:28 | 2099 · wall_segment Palisade Wall x3 |
| 9:29 | 2099 · wall_segment Palisade Wall x3 |
| 9:31 | 2099 · wall_segment Palisade Wall x4 |
| 9:33 | 2099 · wall_segment Palisade Wall x3 |
| 9:36 | 2099 · wall_segment Palisade Wall x2 |
| 9:38 | 2099 · wall_segment Palisade Wall x1 |
| 9:48 | Don Vito · wall_segment Palisade Wall x1 |
| 9:50 | Don Vito · wall_segment Palisade Wall x1 |
| 9:52 | Don Vito · wall_segment Palisade Wall x1 |
| 9:55 | 2099 · wall_segment Palisade Wall x1 |
| 9:55 | Don Vito · wall_segment Palisade Wall x1 |
| 9:55 | 2099 · wall_segment Palisade Wall x1 |
| 9:57 | Don Vito · wall_segment Palisade Wall x1 |
| 9:58 | Don Vito · wall_segment Palisade Wall x1 |
| 10:01 | Don Vito · wall_segment Palisade Wall x1 |
| 10:28 | Don Vito · wall_segment Palisade Wall x1 |
| 10:29 | Don Vito · wall_segment Palisade Wall x1 |
| 10:30 | Don Vito · wall_segment Palisade Wall x1 |
| 10:34 | Don Vito · wall_segment Palisade Wall x1 |
| 11:11 | 2099 · wall_segment Palisade Wall x1 |
| 11:12 | 2099 · wall_segment Palisade Wall x1 |
| 11:13 | 2099 · wall_segment Palisade Wall x3 |
| 11:14 | 2099 · wall_segment Palisade Wall x1 |
| 11:15 | 2099 · wall_segment Palisade Wall x1 |
| 11:18 | 2099 · wall_segment Palisade Wall x3 |
| 11:34 | 2099 · wall_segment Palisade Wall x1 |
| 11:36 | 2099 · wall_segment Palisade Wall x4 |
| 11:40 | 2099 · wall_segment Palisade Wall x8 |
| 12:31 | Don Vito · wall_segment Palisade Wall x1 |
| 12:32 | Don Vito · wall_segment Palisade Wall x1 |
| 13:11 | 2099 · wall_segment Palisade Wall x1 |
| 13:18 | Don Vito · age_up feudal |
| 14:10 | Don Vito · wall_segment Palisade Wall x1 |
| 14:44 | 2099 · wall_segment Palisade Wall x10 |
| 14:52 | Don Vito · first_market_sell 100 food |
| 14:53 | Don Vito · first_market_buy 100 stone |
| 15:11 | Don Vito · wall_segment Palisade Wall x3 |
| 15:15 | Don Vito · wall_segment Palisade Wall x1 |
| 15:17 | Don Vito · wall_segment Palisade Wall x1 |
| 15:42 | 2099 · wall_segment Palisade Wall x1 |
| 15:44 | 2099 · wall_segment Palisade Wall x1 |
| 15:46 | 2099 · wall_segment Palisade Wall x1 |
| 16:33 | 2099 · wall_segment Palisade Wall x1 |
| 16:57 | Don Vito · first_building Barracks |
| 17:03 | 2099 · wall_segment Palisade Wall x1 |
| 17:31 | Don Vito · wall_segment Palisade Wall x1 |
| 17:32 | Don Vito · wall_segment Palisade Wall x1 |
| 17:33 | Don Vito · wall_segment Palisade Wall x1 |
| 17:34 | Don Vito · wall_segment Palisade Wall x1 |
| 17:49 | Don Vito · first_building Archery Range |
| 18:44 | Don Vito · wall_segment Palisade Wall x1 |
| 19:54 | 2099 · wall_segment Palisade Wall x1 |
| 20:30 | Don Vito · wall_segment Stone Wall x1 |
| 20:33 | Don Vito · wall_segment Stone Wall x1 |
| 21:10 | Don Vito · wall_segment Palisade Wall x1 |
| 21:45 | Don Vito · wall_segment Palisade Wall x1 |
| 21:47 | Don Vito · wall_segment Palisade Wall x1 |
| 22:01 | Don Vito · wall_segment Palisade Wall x1 |
| 22:18 | Don Vito · wall_segment Palisade Wall x1 |
| 22:38 | Don Vito · wall_segment Palisade Wall x1 |
| 22:44 | Don Vito · wall_segment Palisade Wall x1 |
| 24:38 | 2099 · resign |
[ AI ANALYSIS · 1 CREDIT ]
What really happened in this match?
Wolo.gg analyzes every decision: build order, eco, micro, common mistakes by bracket. Personalized analysis on WhatsApp or Discord in 30 seconds.
Civ guide
Turks
Perfil
Jugador #18713675